PIO (24 & UNDER)
COLORADO COMMANDERS @ EAU CLAIRE ESQUIRES
06/28/2024
 
TOP OF THE 1ST
Colorado Commanders batting - Pitching for Eau Claire Esquires : RHP Carlos Pacheco
Pitching: RHP Carlos Pacheco
Batting: RHB Roberto Zamora 0-0: Called Strike
0-1: Foul Ball, location: 2F
0-2: Ball
1-2: Foul Ball, location: 2F
1-2: Ball
2-2: Foul Ball, location: 2F
2-2: Foul Ball, location: 2F
2-2: Strikes out looking
Batting: RHB Arnold Harmon 0-0: Ball
1-0: Ball
2-0: Called Strike
2-1: Foul Ball, location: 2F
2-2: Foul Ball, location: 2F
2-2: Hit by Pitch
Batting: RHB Richard Pendergast 0-0: Called Strike
Arnold Harmon is caught stealing 2nd base
0-1: Ball
1-1: Swinging Strike
1-2: Ball
2-2: Foul Ball, location: 2F
2-2: Strikes out swinging
Top of the 1st over - 0 run(s), 0 hit(s), 0 error(s), 0 left on base; Colorado 0 - Eau Claire 0
BOTTOM OF THE 1ST
Eau Claire Esquires batting - Pitching for Colorado Commanders : RHP Manuel Zarate
Pitching: RHP Manuel Zarate
Batting: RHB Tony Quinn 0-0: Ground out 5-3 (Groundball, 56)
Batting: RHB Norm Francis 0-0: Ball
1-0: SINGLE (Groundball, 5L) (infield hit)
Batting: RHB Seiji Kouno 0-0: Ball
1-0: Fly out, F8 (Flyball, 8LM)
Batting: RHB Roberto García 0-0: Called Strike
0-1: Ball
1-1: Ball
Norm Francis steals 2nd base
2-1: Ground out 1-3 (Groundball, 13S)
Bottom of the 1st over - 0 run(s), 1 hit(s), 0 error(s), 1 left on base; Colorado 0 - Eau Claire 0
TOP OF THE 2ND
Colorado Commanders batting - Pitching for Eau Claire Esquires : RHP Carlos Pacheco
Batting: LHB Gary Kern 0-0: Foul Ball, location: 2F
0-1: Ground out U3 (Groundball, 3S)
Batting: LHB John Nicholson 0-0: Ball
1-0: DOUBLE (Groundball, 3L)
Batting: RHB Keith Jones 0-0: Ball
1-0: Foul Ball, location: 2F
1-1: Foul Ball, location: 2F
1-2: Strikes out swinging
Batting: RHB Lee Price 0-0: Swinging Strike
0-1: Fly out, F3 (Popup, 3S)
Top of the 2nd over - 0 run(s), 1 hit(s), 0 error(s), 1 left on base; Colorado 0 - Eau Claire 0
BOTTOM OF THE 2ND
Eau Claire Esquires batting - Pitching for Colorado Commanders : RHP Manuel Zarate
Batting: SHB António De La Cruz 0-0: Ball
1-0: Foul Ball, location: 2F
1-1: Fly out, F4 (Popup, 34D)
Batting: RHB Eric Fuller 0-0: Swinging Strike
0-1: Foul Ball, location: 2F
0-2: SINGLE (Line Drive, 89M)
Batting: LHB Jorge Fernández 0-0: Ball
1-0: Swinging Strike
1-1: Ball
2-1: Foul Ball, location: 2F
2-2: Strikes out swinging
Batting: LHB John Frost 0-0: Ball
Eric Fuller steals 2nd base
1-0: Called Strike
1-1: Swinging Strike
1-2: Strikes out swinging
Bottom of the 2nd over - 0 run(s), 1 hit(s), 0 error(s), 1 left on base; Colorado 0 - Eau Claire 0
TOP OF THE 3RD
Colorado Commanders batting - Pitching for Eau Claire Esquires : RHP Carlos Pacheco
Batting: RHB Emiel van Rhee 0-0: SOLO HOME RUN (Flyball, 78XD), Distance : 358 ft
Batting: RHB Earnest Turner 0-0: Ball
1-0: Called Strike
1-1: Foul Ball, location: 2F
1-2: Foul Ball, location: 2F
1-2: Ball
2-2: Strikes out looking
Batting: RHB Roberto Zamora 0-0: Fly out, F9 (Flyball, 89S)
Batting: RHB Arnold Harmon 0-0: Ball
1-0: Ball
2-0: TRIPLE (Line Drive, 9LM)
Batting: RHB Richard Pendergast 0-0: Foul Ball, location: 2F
0-1: SINGLE (Groundball, 56D)
Arnold Harmon scores
Batting: LHB Gary Kern 0-0: Ball
1-0: Called Strike
1-1: Foul Ball, location: 2F
1-2: Strikes out swinging
Top of the 3rd over - 2 run(s), 3 hit(s), 0 error(s), 1 left on base; Colorado 2 - Eau Claire 0
BOTTOM OF THE 3RD
Eau Claire Esquires batting - Pitching for Colorado Commanders : RHP Manuel Zarate
Batting: SHB Tim Johnson 0-0: Fly out, F3 (Popup, 23)
Batting: RHB Tony Quinn 0-0: Called Strike
0-1: Ball
1-1: Foul Ball, location: 2F
1-2: Ball
2-2: Ball
3-2: Foul Ball, location: 2F
3-2: Base on Balls
Batting: RHB Norm Francis 0-0: Called Strike
0-1: Ball
1-1: Called Strike
Tony Quinn steals 2nd base
1-2: Ground out 5-3 (Groundball, 5)
Batting: RHB Seiji Kouno 0-0: Ball
1-0: Fly out, F9 (Flyball, 89M)
Bottom of the 3rd over - 0 run(s), 0 hit(s), 0 error(s), 1 left on base; Colorado 2 - Eau Claire 0
TOP OF THE 4TH
Colorado Commanders batting - Pitching for Eau Claire Esquires : RHP Carlos Pacheco
Batting: LHB John Nicholson 0-0: Ball
1-0: Ball
2-0: Foul Ball, location: 2F
2-1: Called Strike
2-2: Fly out, F9 (Flyball, 9M)
Batting: RHB Keith Jones 0-0: Ball
1-0: DOUBLE (Line Drive, 9LM)
Batting: RHB Lee Price 0-0: Called Strike
0-1: Ball
1-1: Ball
2-1: 2-RUN HOME RUN (Line Drive, 7D), Distance : 362 ft
Batting: RHB Emiel van Rhee 0-0: Ball
1-0: Ball
2-0: Called Strike
2-1: Swinging Strike
2-2: Foul Ball, location: 2F
2-2: Foul Ball, location: 2F
2-2: Ball
3-2: Base on Balls
Batting: RHB Earnest Turner 0-0: Ball
1-0: Ball
2-0: Called Strike
2-1: Ball
3-1: Foul Ball, location: 2F
3-2: Foul Ball, location: 2F
3-2: Ground out 5-3 (Groundball, 5S)
Emiel van Rhee to second
Batting: RHB Roberto Zamora 0-0: Ball
1-0: Foul Ball, location: 2F
1-1: Foul Ball, location: 2F
1-2: Strikes out swinging
Top of the 4th over - 2 run(s), 2 hit(s), 0 error(s), 1 left on base; Colorado 4 - Eau Claire 0
BOTTOM OF THE 4TH
Eau Claire Esquires batting - Pitching for Colorado Commanders : RHP Manuel Zarate
Batting: RHB Roberto García 0-0: Ball
1-0: Ball
2-0: SINGLE (Line Drive, 6M)
Batting: SHB António De La Cruz 0-0: Ball
1-0: Called Strike
1-1: Ball
2-1: Foul Ball, location: 2F
2-2: 2-RUN HOME RUN (Flyball, 89XD), Distance : 378 ft
Batting: RHB Eric Fuller 0-0: Ball
1-0: SINGLE (Flyball, 8RS)
Batting: LHB Jorge Fernández 0-0: Ball
Wild Pitch!
Eric Fuller to second
1-0: Foul Ball, location: 2F
1-1: Called Strike
1-2: Strikes out looking
Batting: LHB John Frost 0-0: Foul Ball, location: 2F
0-1: Foul Ball, location: 2F
0-2: Strikes out swinging
Batting: SHB Tim Johnson 0-0: Called Strike
0-1: Ball
1-1: SINGLE (Groundball, 23) (infield hit)
Eric Fuller to third
Batting: RHB Tony Quinn 0-0: Ball
1-0: Called Strike
1-1: Ball
2-1: Foul Ball, location: 2F
2-2: Foul Ball, location: 2F
2-2: Ball
3-2: Strikes out swinging
Bottom of the 4th over - 2 run(s), 4 hit(s), 0 error(s), 2 left on base; Colorado 4 - Eau Claire 2
TOP OF THE 5TH
Colorado Commanders batting - Pitching for Eau Claire Esquires : RHP Carlos Pacheco
Batting: RHB Arnold Harmon 0-0: Ball
1-0: Foul Ball, location: 2F
1-1: Swinging Strike
1-2: Foul Ball, location: 2F
1-2: Strikes out swinging
Batting: RHB Richard Pendergast 0-0: Ball
1-0: Called Strike
1-1: Ground out 4-3 (Groundball, 4M)
Batting: LHB Gary Kern 0-0: Ball
1-0: Called Strike
1-1: Called Strike
1-2: Fly out, F2 (Popup, 2LF)
Top of the 5th over - 0 run(s), 0 hit(s), 0 error(s), 0 left on base; Colorado 4 - Eau Claire 2
BOTTOM OF THE 5TH
Eau Claire Esquires batting - Pitching for Colorado Commanders : RHP Manuel Zarate
Batting: RHB Norm Francis 0-0: Called Strike
0-1: Ball
1-1: Fly out, F7 (Line Drive, 7D)
Batting: RHB Seiji Kouno 0-0: Ball
1-0: Foul Ball, location: 2F
1-1: Ball
2-1: Foul Ball, location: 2F
2-2: Foul Ball, location: 2F
2-2: Strikes out swinging
Batting: RHB Roberto García 0-0: Ground out 6-3 (Groundball, 6M)
Bottom of the 5th over - 0 run(s), 0 hit(s), 0 error(s), 0 left on base; Colorado 4 - Eau Claire 2
TOP OF THE 6TH
Colorado Commanders batting - Pitching for Eau Claire Esquires : RHP Carlos Pacheco
Pitching: LHP Charlie Conner
Batting: LHB John Nicholson 0-0: Called Strike
0-1: Swinging Strike
0-2: Strikes out swinging
Pitching: RHP Sean Bass
Batting: RHB Keith Jones 0-0: Ball
1-0: SINGLE (Groundball, 4M)
Batting: RHB Lee Price 0-0: Foul Ball, location: 2F
0-1: Ball
1-1: Ball
2-1: Ball
3-1: Swinging Strike
3-2: Foul Ball, location: 2F
3-2: Foul Ball, location: 2F
3-2: Strikes out swinging
Batting: RHB Emiel van Rhee 0-0: Ball
1-0: Called Strike
1-1: Ball
2-1: Swinging Strike
2-2: Foul Ball, location: 2F
2-2: Foul Ball, location: 2F
2-2: Foul Ball, location: 2F
2-2: Ball
3-2: Foul Ball, location: 2F
3-2: SINGLE (Line Drive, 4M)
Keith Jones to second
Keith Jones to third
Batting: RHB Earnest Turner 0-0: SINGLE (Line Drive, 89S)
Keith Jones scores
Emiel van Rhee to second
Runner from 2nd tries for 3rd, SAFE, no throw or cutoff
Batting: RHB Roberto Zamora 0-0: Ball
1-0: Foul Ball, location: 2F
1-1: Ball
2-1: Swinging Strike
2-2: Fly out, F8 (Flyball, 8LM)
Top of the 6th over - 1 run(s), 3 hit(s), 0 error(s), 2 left on base; Colorado 5 - Eau Claire 2
BOTTOM OF THE 6TH
Eau Claire Esquires batting - Pitching for Colorado Commanders : RHP Manuel Zarate
Batting: SHB António De La Cruz 0-0: Ball
1-0: Ball
2-0: Fly out, F6 (Popup, 6)
Batting: RHB Eric Fuller 0-0: Ball
1-0: Foul Ball, location: 2F
1-1: Ball
2-1: Ball
3-1: Ground out 5-3 (Groundball, 5S)
Batting: LHB Jorge Fernández 0-0: Ball
1-0: Ball
2-0: Called Strike
2-1: Ball
3-1: SINGLE (Groundball, 56D)
Pitching: RHP Ramiro Trujillo
Batting: LHB John Frost 0-0: Foul Ball, location: 2F
0-1: Ball
1-1: Ball
2-1: Ball
3-1: DOUBLE (Line Drive, 3L)
Jorge Fernández to third
Batting: SHB Tim Johnson 0-0: Called Strike
0-1: Foul Ball, location: 2F
0-2: SINGLE (Line Drive, 4D)
Jorge Fernández scores
John Frost to third
Runner from 3rd tries for Home, SAFE, no throw or cutoff
Batting: RHB Tony Quinn 0-0: Ball
1-0: Ball
2-0: SINGLE (Groundball, 6MD)
Tim Johnson to second
Batting: RHB Norm Francis 0-0: Ball
1-0: Swinging Strike
1-1: Foul Ball, location: 2F
1-2: Ball
2-2: SINGLE (Groundball, 5D)
Tim Johnson to third
Tony Quinn to second
Runner from 3rd tries for Home, SAFE, no throw or cutoff
Batting: RHB Seiji Kouno 0-0: Ball
1-0: Ground out 5-3 (Groundball, 5S)
Bottom of the 6th over - 3 run(s), 5 hit(s), 0 error(s), 2 left on base; Colorado 5 - Eau Claire 5
TOP OF THE 7TH
Colorado Commanders batting - Pitching for Eau Claire Esquires : RHP Sean Bass
Batting: RHB Arnold Harmon 0-0: Ground out 5-3 (Groundball, 5S)
Batting: RHB Richard Pendergast 0-0: Swinging Strike
0-1: Swinging Strike
0-2: Ball
1-2: Ball
2-2: Foul Ball, location: 2F
2-2: Ball
3-2: Strikes out swinging
Batting: LHB Gary Kern 0-0: Ball
1-0: Ball
2-0: Ball
3-0: Called Strike
3-1: Called Strike
3-2: Fly out, F8 (Flyball, 8RM)
Top of the 7th over - 0 run(s), 0 hit(s), 0 error(s), 0 left on base; Colorado 5 - Eau Claire 5
BOTTOM OF THE 7TH
Eau Claire Esquires batting - Pitching for Colorado Commanders : RHP Ramiro Trujillo
Batting: RHB Roberto García 0-0: Called Strike
0-1: Foul Ball, location: 2F
0-2: Strikes out looking
Batting: SHB António De La Cruz 0-0: Ground out 1-3 (Groundball, 13)
Batting: RHB Eric Fuller 0-0: Called Strike
0-1: Called Strike
0-2: Ball
1-2: Foul Ball, location: 2F
1-2: Ball
2-2: Foul Ball, location: 2F
2-2: Ball
3-2: Ground out 4-3 (Groundball, 4)
Bottom of the 7th over - 0 run(s), 0 hit(s), 0 error(s), 0 left on base; Colorado 5 - Eau Claire 5
TOP OF THE 8TH
Colorado Commanders batting - Pitching for Eau Claire Esquires : RHP Sean Bass
Pitching: RHP Ray Johnston
Batting: LHB John Nicholson 0-0: Swinging Strike
0-1: Swinging Strike
0-2: Ball
1-2: Strikes out swinging
Batting: RHB Keith Jones 0-0: Ball
1-0: Fly out, F7 (Line Drive, 7S)
Pinch Hitting: SHB Ángel Díaz 0-0: Ground out 6-3 (Groundball, 6)
Top of the 8th over - 0 run(s), 0 hit(s), 0 error(s), 0 left on base; Colorado 5 - Eau Claire 5
BOTTOM OF THE 8TH
Eau Claire Esquires batting - Pitching for Colorado Commanders : RHP Ramiro Trujillo
Now in RF: Ángel Díaz
Pinch Hitting: LHB Edwin Ryan 0-0: Called Strike
0-1: Ball
1-1: Foul Ball, location: 2F
1-2: Foul Ball, location: 2F
1-2: Ball
2-2: Strikes out swinging
Batting: LHB John Frost 0-0: Ball
1-0: Ball
2-0: Foul Ball, location: 2F
2-1: SINGLE (Line Drive, 3D)
Batting: SHB Tim Johnson 0-0: Called Strike
0-1: Ball
1-1: Ball
2-1: Called Strike
2-2: Ball
3-2: Foul Ball, location: 2F
3-2: Foul Ball, location: 2F
3-2: Base on Balls
John Frost to second
Batting: RHB Tony Quinn 0-0: Ball
John Frost steals 3rd base
Tim Johnson to second
1-0: SINGLE (Groundball, 56D)
John Frost scores
Tim Johnson to third
Runner from 3rd tries for Home, SAFE, no throw or cutoff
Pitching: LHP Jerry Beck
Batting: RHB Norm Francis 0-0: Ball
Tony Quinn steals 2nd base
1-0: Ball
2-0: Ball
3-0: Called Strike
3-1: Base on Balls
Batting: RHB Seiji Kouno 0-0: Called Strike
Tony Quinn steals 3rd base
Norm Francis to second
0-1: Called Strike
0-2: Ball
1-2: Strikes out looking
Batting: RHB Roberto García 0-0: Foul Ball, location: 2F
0-1: Ball
1-1: Ball
2-1: SINGLE (Line Drive, 7S)
Tony Quinn scores
Norm Francis to third
Runner from 3rd tries for Home, SAFE, no throw or cutoff
Batting: SHB António De La Cruz 0-0: Swinging Strike
0-1: Ball
1-1: Ball
2-1: Foul Ball, location: 2F
2-2: Ground out 5-3 (Groundball, 5S)
Bottom of the 8th over - 4 run(s), 3 hit(s), 0 error(s), 1 left on base; Colorado 5 - Eau Claire 9
TOP OF THE 9TH
Colorado Commanders batting - Pitching for Eau Claire Esquires : RHP Ray Johnston
Now in RF: Edwin Ryan
Batting: RHB Emiel van Rhee 0-0: Ball
1-0: Swinging Strike
1-1: DOUBLE (Line Drive, 5L)
Batting: RHB Earnest Turner 0-0: Ball
1-0: Fly out, F9 (Flyball, 89M)
Batting: RHB Roberto Zamora 0-0: Ball
Wild Pitch!
Emiel van Rhee to third
1-0: Called Strike
1-1: Foul Ball, location: 2F
1-2: Ground out 4-3 (Groundball, 4)
Emiel van Rhee scores
Pitching: RHP Armando Torres
Batting: RHB Arnold Harmon 0-0: SINGLE (Line Drive, 8RS)
Batting: RHB Richard Pendergast 0-0: Ball
1-0: Foul Ball, location: 2F
1-1: Ball
2-1: Fly out, F4 (Popup, 4D)
Top of the 9th over - 1 run(s), 2 hit(s), 0 error(s), 1 left on base; Colorado 6 - Eau Claire 9
This league is powered by Out of the Park Baseball, the baseball management simulation game for PC, Mac and Linux
Saturday, April 9th, 2016 - OOTP Baseball 16.8 Build 38